 Dungeon Crawl Stone Soup version 0.29.1-15-g9cfb28693d (webtiles) character file.

Game seed: 696878751861066052

7881 nightchill the Basher (level 11, -5/74 HPs)
             Began as a Gargoyle Fighter on Apr 17, 2023.
             Was an Initiate of Gozag.
             Slain by a seven-headed hydra (9 damage)
             ... on level 1 of the Lair of Beasts.
             The game lasted 00:20:53 (13490 turns).

nightchill the Basher (Gargoyle Fighter)           Turns: 13490, Time: 00:20:54

Health: -5/74      AC: 15    Str: 21    XL:     11   Next: 22%
Magic:  16/16      EV: 14    Int: 12    God:    Gozag
Gold:   494        SH:  4    Dex:  9    Spells: 17/17 levels left

rFire   . . .      SeeInvis .   a - +2 whip (elec)
rCold   + + .      Faith    .   c - +0 buckler
rNeg    + . .      Spirit   .   y - +2 leather armour {rC+}
rPois   ∞          Reflect  .   (no helmet)
rElec   +          Harm     .   (no cloak)
rCorr   .          Rampage  .   (no gloves)
Will    .....                   D - +0 pair of boots
Stlth   +.........              (no amulet)
HPRegen 0.22/turn               n - ring of protection from cold
MPRegen 0.15/turn               F - +4 ring of evasion

@: mighty
A: sickness immunity, AC +8, negative energy resistance 1, electricity
resistance, torment resistance 1, petrification resistance
a: Renounce Religion, Potion Petition, Call Merchant, Bribe Branch


You were on level 1 of the Lair of Beasts.
You worshipped Gozag.
Gozag was aware of your devotion.
You visited 3 branches of the dungeon, and saw 12 of its levels.

You collected 1405 gold pieces.
You paid 911 gold pieces to Gozag.

Inventory:

Hand Weapons
 a - a +2 whip of electrocution (weapon)
 b - a +2 whip of venom
 e - a +0 war axe
Missiles
 f - 7 throwing nets (quivered)
 l - 3 atropa-tipped darts
Armour
 c - a +0 buckler (worn)
 y - a +2 leather armour of cold resistance (worn)
 D - a +0 pair of boots (worn)
 H - a +0 scale mail
Jewellery
 n - a ring of protection from cold (left hand)
 F - a +4 ring of evasion (right hand)
Wands
 w - a wand of paralysis (18)
 I - a wand of polymorph (7)
 M - a wand of quicksilver (5)
Scrolls
 d - a scroll of magic mapping {unknown}
 h - 5 scrolls of teleportation
 k - 2 scrolls of silence {unknown}
 m - 2 scrolls of fear {unknown}
 p - a scroll of enchant armour {unknown}
 u - 2 scrolls of fog
 v - a scroll of poison {unknown}
 x - 2 scrolls of blinking {unknown}
 A - a scroll of amnesia {unknown}
 K - a scroll of immolation {unknown}
Potions
 g - a potion of heal wounds
 j - 2 potions of flight
 o - 3 potions of berserk rage
 q - a potion of magic
 r - 3 potions of attraction
 s - 2 potions of mutation
 t - a potion of resistance {unknown}
 z - a potion of invisibility {unknown}
 B - 2 potions of brilliance {unknown}
 C - a potion of lignification {unknown}
 E - a potion of haste {unknown}
 G - a potion of degeneration {unknown}
 J - a potion of curing


   Skills:
 + Level 11.0 Fighting
 - Level 3.0(7.5) Axes
 - Level 11.7(12.0) Maces & Flails
 * Level 7.3 Armour
 - Level 3.2 Shields
 + Level 3.5 Spellcasting


You had 17 spell levels left.
You didn't know any spells.
Your spell library contained the following spells:

 Spells                   Type           Power      Damage    Failure   Level
 Shock                    Conj/Air       8%         1d3       34%         1
 Wereblood                Tmut           2%         N/A       47%         2
 Dazzling Flash           Conj/Hex       4%         N/A       71%         3
 Gell's Gravitas          Tloc           2%         N/A       71%         3
 Lesser Beckoning         Tloc           2%         N/A       71%         3
 Stone Arrow              Conj/Erth      4%         3d7       71%         3
 Swiftness                Air            2%         N/A       71%         3
 Teleport Other           Tloc           2%         N/A       71%         3
 Airstrike                Air            1%         2d(1-17)  98%         4
 Animate Armour           Summ/Erth      4%         N/A       98%         4
 Agony                    Necr           2%         N/A       100%        5
 Silence                  Hex/Air        1%         N/A       100%        5
 Summon Hydra             Summ           1%         N/A       100%        7
 Lehudib's Crystal Spear  Conj/Erth      1%         10d2      100%        8
 Sublimation of Blood     Necr           Unusable   N/A       N/A         2

Dungeon Overview and Level Annotations

Branches:
Dungeon (10/15)            Temple (1/1) D:5            Lair (1/5) D:8
    Orc: D:9-12

Altars:
Ashenzari
Cheibriados
Dithmenos
Elyvilon
Fedhas
Gozag
Hepliaklqana
Kikubaaqudgha
Makhleb
Nemelex Xobeh
Okawaru
Qazlal
Ru
Sif Muna
Trog
Uskayaw
Vehumet
Wu Jian
Xom
Yredelemnul
Zin
The Shining One

Shops:
D:6 *   D:7 *:   D:8 (

Annotations:
D:6 1 runed translucent door, 1 exclusion, p0werm0de's ghost, amateur MiFi
D:7 1 runed translucent door, exclusions: ice statue and 1 more exclusion, Crazy Yiuf
D:8 exclusion: door
D:9 exclusion: downstairs


Innate Abilities, Weirdness & Mutations

You are immune to sickness and miasma.
Your stone body is resilient. (AC +8)
You are immune to poison.
You resist negative energy. (rN+)
You are resistant to electric shocks. (rElec)
You are resistant to unholy torment.
You are immune to petrification.


Message History

You block the seven-headed hydra's attack.
The seven-headed hydra bites you but does no damage.
The seven-headed hydra misses you.
The seven-headed hydra bites you but does no damage.
The seven-headed hydra bites you! The seven-headed hydra bites you. x2
You barely miss the seven-headed hydra.
The seven-headed hydra is moderately wounded.
You barely miss the seven-headed hydra.
The seven-headed hydra is moderately wounded.
The seven-headed hydra closely misses you.
You block the seven-headed hydra's attack.
The seven-headed hydra bites you. The seven-headed hydra bites you!
The seven-headed hydra bites you. x2
* * * LOW HITPOINT WARNING * * *
The seven-headed hydra bites you but does no damage.
You barely miss the seven-headed hydra.
The seven-headed hydra is moderately wounded.
You whack the seven-headed hydra!
The seven-headed hydra is heavily wounded.
The seven-headed hydra bites you!
* * * LOW HITPOINT WARNING * * *
The seven-headed hydra barely misses you.
The seven-headed hydra misses you.
The seven-headed hydra bites you but does no damage.
The seven-headed hydra completely misses you.
The seven-headed hydra barely misses you.
The seven-headed hydra bites you but does no damage.
You whack the seven-headed hydra!
The seven-headed hydra is heavily wounded.
The seven-headed hydra bites you!
* * * LOW HITPOINT WARNING * * *
The seven-headed hydra bites you!
* * * LOW HITPOINT WARNING * * *
The seven-headed hydra bites you.
* * * LOW HITPOINT WARNING * * *
The seven-headed hydra bites you.
* * * LOW HITPOINT WARNING * * *
The seven-headed hydra bites you!
You die...
Your body crumbles into a pile of gold.

#####..########...
...................
..#........#.......
...................
...........#.....#.
..........$.D.....
###..#.###.##....
...#.D..# ... . .
#@...# ..... #....#
....... #....#
..###.. ..........
. .#.........
..#........ .#
#........ ........#


You could see a seven-headed hydra.

Vanquished Creatures
  Harold (D:8)
  Joseph (D:7)
  2 cane toads
  A troll (D:8)
  Prince Ribbit (D:7)
  A wraith (D:10)
  A shadow (D:9)
  A vampire (D:9)
  Eustachio (D:6)
  A steam dragon (D:7)
  10 yaks (D:9)
  A vampire mosquito (D:9)
  2 acid dragons (D:8)
  A water moccasin (D:6)
  An orc warrior (D:6)
  A sky beast (D:6)
  2 ice beasts
  An ogre (D:6)
  4 wolves
  2 centaurs
  A phantom (D:7)
  2 kobold brigands (D:9)
  4 bullfrogs
  A gnoll sergeant (D:7)
  2 necrophages
  A scorpion (D:5)
  14 killer bees
  A howler monkey (D:9)
  4 electric eels
  A centaur zombie (D:5)
  2 jellies
  3 hounds (D:8)
  A gnoll bouda (D:7)
  4 orc priests
  An iguana (D:4)
  12 orc wizards
  Ijyb (D:5)
  A hound zombie (D:5)
  9 gnolls
  10 adders
  A shadow imp (D:5)
  A white imp (D:8)
  2 ufetubi
  3 worms
  4 dart slugs
  27 orcs
  5 bats
  3 endoplasms
  3 giant cockroaches
  4 hobgoblins
  2 jackals (D:2)
  3 quokkas
  3 ball pythons
  3 frilled lizards
  7 goblins
  12 kobolds
  2 rats
196 creatures vanquished.

Vanquished Creatures (others)
  An orc (D:7)
  2 withered plants (D:6)
3 creatures vanquished.

Grand Total: 199 creatures vanquished

Notes
Turn   | Place    | Note
-------+----------+-------------------------------------------
     0 | D:1      | nightchill the Gargoyle Fighter began the quest for the
                  | Orb.
     0 | D:1      | Reached XP level 1. HP: 14/14 MP: 1/1
    50 | D:1      | You fall into a shaft and drop 1 floor!
    76 | D:2      | Reached XP level 2. HP: 10/19 MP: 2/2
   159 | D:2      | Reached XP level 3. HP: 15/24 MP: 3/3
   823 | D:2      | Reached skill level 1 in Maces & Flails
   823 | D:2      | Reached XP level 4. HP: 29/29 MP: 4/4
  1133 | D:1      | Found a faded altar of an unknown god.
  2477 | D:4      | Reached XP level 5. HP: 34/34 MP: 5/5
  2684 | D:4      | Identified the +8 mace "Tiverik" {venom, rPois}
  2871 | D:4      | Reached XP level 6. HP: 35/40 MP: 6/6
  3090 | D:4      | Reached skill level 5 in Fighting
  3304 | D:4      | Found a sparkling altar of Nemelex Xobeh.
  3533 | D:5      | Entered Level 5 of the Dungeon
  3569 | D:5      | Found a staircase to the Ecumenical Temple.
  3583 | Temple   | Entered the Ecumenical Temple
  3632 | Temple   | Became a worshipper of Gozag Ym Sagoz the Greedy
  3842 | D:5      | Noticed Ijyb
  3858 | D:5      | Killed Ijyb
  4277 | D:5      | Found a burning altar of Makhleb.
  4417 | D:5      | Reached XP level 7. HP: 44/44 MP: 7/7
  4427 | D:5      | Reached skill level 5 in Maces & Flails
  4427 | D:5      | Found a basalt altar of Yredelemnul.
  4644 | D:5      | Found a hazy altar of Hepliaklqana.
  5327 | D:6      | Noticed Eustachio
  5348 | D:6      | Killed Eustachio
  5349 | D:6      | Reached XP level 8. HP: 27/52 MP: 8/8
  5876 | D:6      | Found Ecurchu's Fire Supplies.
  6266 | D:6      | Found a runed translucent door.
  6266 | D:6      | Noticed p0werm0de's ghost (amateur MiFi)
  7286 | D:7      | Found Kiadoa Edwe's General Store.
  7320 | D:6      | Reached XP level 9. HP: 31/58 MP: 9/9
  7529 | D:7      | Found Tanaekhi's Self-Improvement Boutique.
  7919 | D:7      | Found a runed translucent door.
  7920 | D:7      | Noticed Crazy Yiuf
  8245 | D:7      | Noticed Joseph
  8258 | D:7      | Killed Joseph
  8365 | D:7      | Noticed Prince Ribbit
  8385 | D:7      | Killed Prince Ribbit
  8436 | D:7      | Noticed an ice statue
  8829 | D:7      | Reached skill level 10 in Maces & Flails
  9051 | D:8      | Found Plog's Weapon Shop.
  9139 | D:8      | Found a staircase to the Lair.
  9852 | D:8      | Reached XP level 10. HP: 40/66 MP: 10/10
 10459 | D:8      | Found an iron altar of Okawaru.
 11410 | D:9      | Found a broken altar of Ashenzari.
 11616 | D:8      | Reached skill level 10 in Fighting
 11830 | D:9      | Reached skill level 1 in Spellcasting
 11835 | D:9      | Noticed Harold
 11940 | D:8      | HP: 3/68 [Harold/+0 dire flail (14)]
 11948 | D:8      | Killed Harold
 11949 | D:8      | Reached skill level 5 in Armour
 12437 | D:9      | Found a radiant altar of Vehumet.
 12486 | D:9      | Reached XP level 11. HP: 65/73 MP: 13/15
 12962 | D:9      | Found a bloodstained altar of Trog.
 12965 | D:9      | Found a stormy altar of Qazlal.
 12970 | D:9      | Found a glowing golden altar of the Shining One.
 12988 | D:10     | Entered Level 10 of the Dungeon
 13254 | Lair:1   | Entered Level 1 of the Lair of Beasts
 13279 | Lair:1   | Noticed a seven-headed hydra
 13490 | Lair:1   | Slain by a seven-headed hydra

Illustrated notes

Levels and vault maps discovered:
D:1:      tarquinn_simple_flora_water_d, layout_loops_ring,
          basic_ecumenical_altar
D:2:      layout_basic
D:3:      layout_loops_cross
D:4:      layout_loops_ring, nemelex_diamond_rough_becter
D:5:      layout_layer_cave, worldfamousw_hep_ancestral_shrine,
          mainiacjoe_overflow_tiny_flanked, lemuel_zombie_altar_yredelemnul,
          minmay_temple_entry_mini_moons, hangedman_abyss_or_decor_stagger,
          chequers_serial_rivers_micro_c, uniq_ijyb
D:6:      layout_gridville, gammafunk_ghost_grave, roderic_roman_lattice,
          nicolae_shop_fire_sale [nicolae_sub_dead_trees],
          chequers_serial_rivers_small_b, uniq_eustachio
D:7:      lemuel_ice_statue, layout_layer_cave, serial_shops, shop,
          nicolae_shop_self_help, uniq_crazy_yiuf_cottage, uniq_prince_ribbit1,
          uniq_joseph
D:8:      layout_loops_ring, mainiacjoe_overflow_24_doors, erik_lair_island,
          nrook_mini_backslash, nicolae_stop_n_shop_2
D:9:      layout_rooms, grunt_temple_overflow_diamond, vehumet_crystals,
          lemuel_round_altar, uniq_harold
D:10:     layout_basic, orc_david_3, grunt_ministairs_3, serial_park_tiny_pond,
          chequers_serial_rivers_small_a, chequers_serial_rivers_large_b,
          uniq_fannar
Temple:   nicolae_temple_hex_pool
Lair:1:   layout_chaotic_city, columned_hall_lemuel, lemuel_centaur_altar,
          grunt_megastairs_3

Skill      XL: |  1  2  3  4  5  6  7  8  9 10 11 |
---------------+----------------------------------+-----
Axes           | 2 3 |  3.0
Fighting       | 4 5 6 7 9 10 11 | 11.0
Maces & Flails | 1 2 3 4 6 8 10 11 | 11.7
Armour         | 6 7 |  7.3
Spellcasting   | 2 3 |  3.5
Shields        | |  3.2

Action                   |  1- 3 |  4- 6 |  7- 9 | 10-12 || total
-------------------------+-------+-------+-------+-------++-------
Melee: War axe           |    32 |       |       |       ||    32
       Whip              |    31 |   239 |   351 |   407 ||  1028
Throw: Throwing net      |       |       |     1 |       ||     1
Invok: Potion Petition   |       |       |       |     3 ||     3
  Use: Potion            |     1 |     1 |     5 |     3 ||    10
       Scroll            |       |     5 |       |     4 ||     9
 Stab: Distracted        |       |       |     1 |       ||     1
       Held in net/web   |       |       |     1 |       ||     1
Armor: Scale mail        |    25 |   121 |     2 |       ||   148
       Leather armour    |       |       |   148 |   121 ||   269
       Skin              |       |       |       |     5 ||     5
Dodge: Dodged            |    29 |    68 |   149 |   182 ||   428
Block: Buckler           |    13 |    37 |    48 |    46 ||   144
